AoeStats
← Nordinateur93

Nomad

509699627Analyzed
2v2 RM · 3d ago on Sep 27, 2026· 35m 45s· 4 players
Game mode
Random Map
Map size
176×176
Population
200
Speed
Normal
Resources
Standard
Victory
Conquest
Starting age
Dark Age
Ending age
Imperial Age
RankedLock teamsTeams togetherTeam positionsShared explorationLock speedFull tech treeHidden civsTurbo modeCheats
Victory
Defeat
🇪🇸 Dravidians · Spain
901
+10
🇪🇸 Mongols · Spain
891
+10
🇨🇴 Huns · Colombia
796
-11
🇫🇷 Britons · France
735
-9
Nordinateur93
3:57 Loom
17:09 Feudal Age
17:59 Double-Bit Axe
17:58 Horse Collar
18:57 Wheelbarrow
18:39 Fishing Lines
19:40 Arson
JUGGERNAUT |
3:20 Loom
15:25 Feudal Age
16:49 Wheelbarrow
15:59 Town Watch
15:39 Man-at-Arms
16:05 Arson
16:18 Double-Bit Axe
18:01 Fishing Lines
24:06 Castle Age
24:45 Bloodlines
26:45 Scale Mail Armor
27:44 Fletching
30:34 Bodkin Arrow
32:17 Padded Archer Armor
jowi125
14:26 Feudal Age
18:14 Castle Age
18:52 Loom
21:04 Wheelbarrow
21:30 Bloodlines
21:23 Padded Archer Armor
21:14 Fletching
29:38 Horse Collar
30:22 Husbandry
29:44 Light Cavalry
31:35 Bodkin Arrow
35:47 Hand Cart
Alonchobjj
6:15 Loom
14:41 Feudal Age
18:41 Castle Age
17:52 Wheelbarrow
17:29 Fishing Lines
20:55 Gillnets
22:13 Demolition Ship
23:51 Medium Warships
24:15 Fletching
27:14 Hand Cart
33:35 Imperial Age
30:28 Man-at-Arms
30:54 Gambesons
31:21 Forging
31:12 Scale Mail Armor
32:42 Town Watch
Connection lost

Rejoining the realm…

Still unreachable

The connection could not be restored.

Session expired

The server has moved on; the page needs a fresh start.